 Dungeon Crawl Stone Soup version 0.23.2-40-g277498a (webtiles) character file.

Game seed: 18140204572406393374

181 Aphrodieselac the Charmwright (level 5, -3/38 HPs)
             Began as a Merfolk Skald on Oct 3, 2019.
             Slain by Natasha (6 damage)
             ... on level 3 of the Dungeon.
             The game lasted 00:10:36 (2344 turns).

Aphrodieselac the Charmwright (Merfolk Skald)       Turns: 2344, Time: 00:10:37

Health: -3/38      AC:  6    Str: 11    XL:     5   Next: 61%
Magic:  2/8        EV: 13    Int: 14    God:
Gold:   150        SH:  0    Dex: 13    Spells: 3/8 levels left

rFire    . . .     SeeInvis .   a - +0 spear
rCold    . . .     Gourm    .   (no shield)
rNeg     . . .     Faith    .   b - +0 leather armour
rPois    .         Spirit   .   (no helmet)
rElec    .         Reflect  .   q - +1 cloak
rCorr    .         Harm     .   e - +0 pair of gloves
MR       +....                  (no boots)
Stlth    +.........             y - amulet of rage
HPRegen  0.12/turn              r - ring of protection from magic
MPRegen  0.11/turn              n - +1 ring of evasion

@: no status effects
A: change form in water, swift swim, stealthy swim
a: Evoke Berserk Rage


You were on level 3 of the Dungeon.
You were not hungry.

You visited 1 branch of the dungeon, and saw 3 of its levels.

You collected 150 gold pieces.

Inventory:

Hand Weapons
 a - a +0 spear (weapon)
Missiles
 s - 13 sling bullets
 v - 3 tomahawks (quivered)
Armour
 b - a +0 leather armour (worn)
 e - a +0 pair of gloves (worn)
 q - a +1 cloak (worn)
Jewellery
 j - an uncursed ring of positive energy
 n - a +1 ring of evasion (right hand)
 r - a ring of protection from magic (left hand)
 y - an amulet of rage (around neck)
Scrolls
 c - a scroll of enchant armour {unknown}
 h - a scroll of fear {unknown}
 i - 4 scrolls of identify {unknown}
 l - a scroll of blinking {unknown}
 m - a scroll of teleportation {unknown}
 o - a scroll of remove curse {unknown}
 p - 4 scrolls of magic mapping {unknown}
 x - a scroll of noise {unknown}
Potions
 f - a potion of mutation {unknown}
 g - a potion of resistance {unknown}
 k - a potion of ambrosia {unknown}
 u - a potion of brilliance {unknown}
 w - a potion of curing {unknown}
Comestibles
 d - 7 rations
 t - 5 chunks of flesh


   Skills:
 - Level 2.1 Fighting
 + Level 5.2 Polearms
 - Level 0.6 Armour
 - Level 2.6 Dodging
 - Level 2.0 Spellcasting
 * Level 5.8 Charms


You had 3 spell levels left.
You knew the following spells:

 Your Spells              Type           Power        Failure   Level  Hunger
a - Infusion              Chrm           ###.         2%          1    ##.....
b - Song of Slaying       Chrm           ###.....     4%          2    ###....
c - Shroud of Golubria    Chrm/Tloc      #.........   14%         2    ###....

Your spell library contained the following spells:

 Spells                   Type           Power        Failure   Level  Hunger
 Regeneration             Chrm/Necr      #.........   28%         3    ####...
 Spectral Weapon          Hex/Chrm       #.......     28%         3    ####...


Dungeon Overview and Level Annotations

Branches:
Dungeon (3/15)

Altars:

Annotations:
D:3 2 transporters, Natasha


Message History

The crimson imp closely misses you.
You hit Natasha but do no damage.
Natasha is almost dead.
Natasha zaps a wand.
The puff of flame hits you.
* * * LOW HITPOINT WARNING * * *
The crimson imp closely misses you.
You barely miss Natasha.
Natasha is almost dead.
Natasha casts a spell at you.
The magic dart hits you but does no damage.
The crimson imp closely misses you.
You barely miss Natasha.
Natasha is almost dead.
Natasha claws you but does no damage.
The crimson imp blinks!
You barely miss Natasha.
Natasha is almost dead.
Natasha wildly gestures.
Natasha shimmers violently.
Natasha claws you.
You die...

####.########. #.# #. #.#
#. #.# ##' #.# ##.. ##.#
##... ##. ##..# ##....
#....##########...####.....
.......J5h@§......<..+.....
J....<######.##.5.#.##....÷
....# #.###....###.... ...
#.##..#..# ##... .
#.##.....# ##.. ##.##.###.#
##+ #.........######.
#....÷.........#. #
#.###..##.####.#.


You could see Natasha, a crimson imp, an ooze and a shadow imp.

Vanquished Creatures
  Natasha (D:3)
  6 adders
  3 oozes
  2 worms
  A dart slug (D:1)
  3 leopard geckos
  6 orcs
  A ball python (D:3)
  2 giant cockroaches
  10 hobgoblins
  3 jackals (D:3)
  7 kobolds
  A quokka (D:2)
  10 bats
  6 frilled lizards
  6 goblins
  8 rats
76 creatures vanquished.

Notes
Turn   | Place    | Note
-------+----------+-------------------------------------------
     0 | D:1      | Aphrodieselac the Merfolk Skald began the quest for the
                  | Orb.
     0 | D:1      | Reached XP level 1. HP: 16/16 MP: 3/3
   153 | D:1      | Reached XP level 2. HP: 21/22 MP: 5/5
   527 | D:1      | Reached XP level 3. HP: 17/27 MP: 6/6
  1043 | D:2      | Reached XP level 4. HP: 29/33 MP: 7/7
  1397 | D:2      | Reached skill level 5 in Charms
  1513 | D:2      | Noticed an ogre
  1903 | D:3      | Found a transporter.
  1984 | D:3      | Found a transporter.
  2033 | D:3      | Noticed Natasha
  2048 | D:3      | Killed Natasha
  2048 | D:3      | Reached XP level 5. HP: 28/38 MP: 2/8
  2240 | D:3      | Learned a level 2 spell: Song of Slaying
  2243 | D:3      | Learned a level 2 spell: Shroud of Golubria
  2266 | D:3      | Reached skill level 5 in Polearms
  2317 | D:3      | Noticed Natasha
  2344 | D:3      | Slain by Natasha

Skill      XL: |  1  2  3  4  5 |
---------------+----------------+-----
Charms         | 4 5 |  5.8
Polearms       | 4 5 |  5.2
Fighting       | |  2.1
Armour         | |  0.6
Dodging        | |  2.6
Spellcasting   | |  2.0

Action                   |  1- 3 |  4- 6 || total
-------------------------+-------+-------++-------
Melee: Spear             |   133 |   144 ||   277
 Cast: Infusion          |     4 |     6 ||    10
       Song of Slaying   |       |     1 ||     1
 Stab: Sleeping          |     1 |       ||     1
  Eat: Chunk             |     1 |     4 ||     5
Armor: Leather armour    |    28 |    30 ||    58
Dodge: Dodged            |    64 |    73 ||   137
